 Dungeon Sprint DCSS version 0.32-a0-799-g95e1662365 (webtiles) character file.

Game seed: 11385749713430148865

7 rocky1 the Slasher (level 1, -1/17 HPs)
             Began as a Demonspawn Gladiator on Mar 22, 2024.
             Slain by a hound (2 damage)
             ... in the Dungeon (Sprint IX: "|||||||||||||||||||||||||||||").
             The game lasted 00:00:19 (206 turns).

rocky1 the Slasher (Demonspawn Gladiator)            Turns: 206, Time: 00:00:19

Health: -1/17      AC:  4    Str: 14    XL:     1   Next: 83%
Magic:  1/1        EV: 11    Int:  8    God:
Gold:   0          SH:  0    Dex: 14    Spells: 0/0 levels left

rFire   . . .        a - +0 long sword
rCold   . . .        (no shield)
rNeg    . . .        b - +0 leather armour
rPois   .            c - +0 helmet
rElec   .            (no cloak)
rCorr   .            (no gloves)
SInv    .            (no boots)
Will    .....        (no amulet)
Stlth   +            (no ring)
HPRegen 0.22/turn    (no ring)
MPRegen 0.07/turn

%: no teleportation
@: no status effects
A: no striking features
a: no special abilities


You were in the Dungeon.
You visited 1 branch

Inventory:

Hand Weapons
 a - a +0 long sword (weapon)
Missiles
 d - a throwing net (quivered)
 e - a javelin
Armour
 b - a +0 leather armour (worn)
 c - a +0 helmet (worn)
Scrolls
 k - a scroll of blinking
Potions
 f - a potion of curing
 g - a potion of heal wounds
 h - a potion of haste
 i - 2 potions of magic
 j - a potion of berserk rage


   Skills:
 + Level 2.7 Fighting
 * Level 3.6 Long Blades
 - Level 1.7 Throwing
 + Level 3.2 Dodging


You couldn't memorise any spells.
You didn't know any spells.
Your spell library was empty.

Dungeon Overview and Level Annotations

Branches:
Dungeon (1/1)

Altars:


Message History

HP restored.
You start waiting.
Done waiting.
As you open the door, it creaks loudly!
An iguana and 4 hounds come into view.
The hound barks! x3; The iguana hisses angrily.
The hound barks!
The hound bites you.
Unknown command.
Throw: 3 throwing nets
Press: ? - help, Q - select action, (/) - cycle Shift-Dir - straight line, f - hound
Aim: a hound (43% to hit)
You throw a throwing net.
The throwing net closely misses the hound.
The throwing net hits the hound.
The hound is caught in the net!
The hound bites you.
The hound struggles against the net.
You hit the hound.
The hound is moderately wounded.
The hound completely misses you.
The hound struggles against the net. x2
The hound bites you.
* * * LOW HITPOINT WARNING * * *
Unknown command.
Throw: 2 throwing nets
Press: ? - help, Q - select action, (/) - cycle Shift-Dir - straight line, f/p - hound
Aim: a hound (moderately wounded, 43% to hit)
You throw a throwing net. The throwing net hits the hound.
The hound is caught in the net!
The hound is moderately wounded.
The hound struggles against the net. x2
You slash the hound!
The hound is almost dead.
The hound struggles against the net. x2
The net rips apart, and the hound comes free!
The hound struggles against the net.
The net rips apart, and the hound comes free!
You hit the hound.
The hound is almost dead.
The hound bites you.
* * * LOW HITPOINT WARNING * * *
The hound bites you.
You die...

▓.▓
▓.▓
▓.▓
▓†▓
▓.▓
▓.▓
▓.▓
▓.▓
▓@▓
▓h▓
▓h▓
▓h▓
▓l▓
▓h▓
▓.▓
▓+▓


You could see an iguana and 4 hounds.

Vanquished Creatures
  An endoplasm (D)
  A giant cockroach (D)
  2 hobgoblins (D)
  A quokka (D)
5 creatures vanquished.

Notes
Turn   | Place    | Note
-------+----------+-------------------------------------------
     0 | D        | rocky1 the Demonspawn Gladiator began the quest for the
                  | Orb.
     0 | D        | Reached XP level 1. HP: 16/16 MP: 1/1
   201 | D        | Noticed a hound
   201 | D        | Noticed a hound
   201 | D        | Noticed a hound
   201 | D        | Noticed an iguana
   201 | D        | Noticed a hound
   206 | D        | Slain by a hound

Illustrated notes

Levels and vault maps discovered:
D:        linesprint [early_d, line_temple, items_1, d_10, items_2, lair_1,
          lair_end, items_3, orc_1, orc_end, items_4, d_15, swamp_1, shoals_1,
          snake_1, spider_1, d_20, vaults_1, items_5, swamp_end, shoals_end,
          snake_end, spider_end, vaults_end, d_27, items_6, zot_1, zot_end,
          crypt_end, forest_end, elf_end, slime_end, tomb_end, abyss_end,
          pan_hell_end]

Skill      XL: |  1 |
---------------+----+-----
Long Blades    | 3 |  3.6
Dodging        | 3 |  3.2
Fighting       | |  2.7
Throwing       | |  1.7

Action                     || total
---------------------------++-------
  Melee: Long sword        ||    34
  Throw: Throwing net      ||     2
 Armour: Leather armour    ||    25
  Dodge: Dodged            ||    18

Table legend: (Time is in decaauts)
 A = Elapsed time spent in this place.
 B = Non-inter-level travel time spent in this place.
 C = Inter-level travel time spent in this place.
 D = Time resting spent in this place.
 E = Time spent auto-exploring this place.
 F = Levels seen in this place.
 G = Mean time per level.
                   A        B        C        D        E       F      G
               +--------+--------+--------+--------+--------+-----+--------+
         Total |    214 |    214 |      0 |    160 |      0 |   1 |  214.0 |
       Dungeon |    214 |    214 |      0 |    160 |      0 |   1 |  214.0 |
               +--------+--------+--------+--------+--------+-----+--------+

Top non-repeatable levels by time:
       D: 214 daAuts
